 Dungeon Crawl Stone Soup version 0.29.0-4-gdea44cf6ec (webtiles) character file.

Game seed: 16768498004119004785

501 qw the Chopper (level 7, -3/43 HPs)
             Began as a Gargoyle Fighter on Sept 9, 2022.
             Was a Follower of Okawaru.
             Engulfed by a steam dragon's steam (6 damage)
             ... on level 6 of the Dungeon.
             The game lasted 00:01:23 (4162 turns).

qw the Chopper (Gargoyle Fighter)                   Turns: 4162, Time: 00:01:23

Health: -3/43      AC: 16    Str: 22    XL:     7   Next: 17%
Magic:  5/7        EV: 11    Int:  8    God:    Okawaru [*.....]
Gold:   320        SH:  5    Dex:  9    Spells: 6/6 levels left

rFire   . . .      SeeInvis .   Y - +1 war axe
rCold   . . .      Faith    .   c - +0 buckler
rNeg    + . .      Spirit   .   b - +0 scale mail
rPois   inf        Reflect  .   (no helmet)
rElec   +          Harm     .   (no cloak)
rCorr   .          Rampage  .   (no gloves)
Will    .....                   h - +2 pair of boots
Stlth   +.........              (no amulet)
HPRegen 0.14/turn               (no ring)
MPRegen 0.10/turn               (no ring)

@: about to teleport, heroic
A: sickness immunity, AC +4, negative energy resistance 1, electricity
resistance, torment resistance 1, petrification resistance
a: Renounce Religion, Heroism


You were on level 6 of the Dungeon.
You worshipped Okawaru.
Okawaru was aware of your devotion.
You visited 1 branch of the dungeon, and saw 6 of its levels.

You collected 320 gold pieces.


Innate Abilities, Weirdness & Mutations

You are immune to sickness and miasma.
Your stone body is resilient. (AC +4)
You are immune to poison.
You resist negative energy. (rN+)
You are resistant to electric shocks. (rElec)
You are resistant to unholy torment.
You are immune to petrification.


   Skills:
 - Level 4.0(9.0) Fighting
 + Level 5.3(10.3) Axes
 - Level 1.6(6.6) Throwing
 - Level 3.2(8.2) Armour
 - Level 2.4(7.4) Dodging
 - Level 3.2(8.2) Shields
 + Level 1.3 Invocations


You had 6 spell levels left.
You didn't know any spells.
Your spell library was empty.

Inventory:

Hand Weapons
 g - a +0 flail
 Y - a +1 war axe (weapon)
Missiles
 m - 3 javelins (quivered)
 r - 10 boomerangs
Armour
 b - a +0 scale mail (worn)
 c - a +0 buckler (worn)
 h - a +2 pair of boots (worn)
Jewellery
 n - a ring of ice
Scrolls
 i - a scroll of teleportation
 l - 3 scrolls of identify
Potions
 a - a potion of haste
 d - 3 potions of might
 f - 3 potions of curing
 k - a potion of lignification
 o - a potion of attraction

Dungeon Overview and Level Annotations

Branches:
Dungeon (6/15)             Temple (0/1) D:5

Altars:
Dithmenos
Elyvilon
Kikubaaqudgha
Okawaru
Yredelemnul
Zin


Message History

You kill the hound!
Okawaru accepts your kill.
You hit the steam dragon. You closely miss the black bear.
You are engulfed in a cloud of scalding steam.
The black bear bites you but does no damage.
The black bear closely misses you. You block the black bear's attack.
The steam dragon closely misses you.
The steam dragon claws you but does no damage.
The black bear bites you but does no damage.
The black bear claws you. The black bear barely misses you.
You barely miss the black bear.
The black bear is severely wounded.
You closely miss the steam dragon.
You are engulfed in a cloud of scalding steam.
The steam dragon closely misses you.
The steam dragon claws you but does no damage.
The black bear bites you! The black bear closely misses you.
The black bear claws you but does no damage.
You feel less attractive to monsters.
4160 ||| READING 2 scrolls of teleportation.
As you read the scroll of teleportation, it crumbles to dust.
You feel strangely unstable. You block the black bear's attack.
The black bear claws you but does no damage. x2
You block the steam dragon's attack. The steam dragon claws you.
A phantom comes into view.
The black bear bites you but does no damage.
The black bear claws you but does no damage. x2
You hit the black bear.
The black bear is almost dead.
You hit the steam dragon. You block the steam dragon's attack.
The steam dragon claws you but does no damage.
The black bear barely misses you. The black bear misses you.
The black bear barely misses you.
You barely miss the black bear.
The black bear is almost dead.
You slash the steam dragon!
You are engulfed in a cloud of scalding steam.
You die...

### .## ...##
.> # #W....
#..# .#
#.....##...#..#
#.....#..#...#
.............
..........#
#.....D@.#
#.......h...#
!.....###.##...
...... ... .
###.# #.. #.
.... . ... # ..


You could see a steam dragon, a black bear (berserk) and a phantom.

Vanquished Creatures
  Edmund (D:5)
  A necrophage (D:4)
  4 hounds
  Jessica (D:2)
  2 iguanas (D:5)
  5 adders
  A shadow imp (D:5)
  3 worms (D:2)
  2 dart slugs
  6 endoplasms
  3 giant cockroaches
  5 goblins
  3 hobgoblins
  3 jackals (D:2)
  4 quokkas
  7 ball pythons
  6 bats
  2 frilled lizards
  6 kobolds
  6 rats
71 creatures vanquished.

Notes
Turn   | Place    | Note
-------+----------+-------------------------------------------
     0 | D:1      | qw the Gargoyle Fighter began the quest for the Orb.
     0 | D:1      | Reached XP level 1. HP: 14/14 MP: 1/1
     0 | D:1      | 0 ||| qw: Version: 0.1-a-113-g051387a
     0 | D:1      | 0 ||| qw: Game counter: 7296
     0 | D:1      | 0 ||| qw: Always use a shield: true
     0 | D:1      | 0 ||| qw: God list: Okawaru
     0 | D:1      | 0 ||| qw: Allow faded altars: false
     0 | D:1      | 0 ||| qw: Do Orc after D:15 true
     0 | D:1      | 0 ||| qw: Do second Lair branch before Depths: true
     0 | D:1      | 0 ||| qw: Lair rune preference: random
     0 | D:1      | 0 ||| qw: Plans: Normal, Zot, God:TSO, Crypt, Tomb, Zig,
                  | Orb
     0 | D:1      | 0 ||| PLANNING D:1-11
    11 | D:1      | 11 ||| Stepping ~*~*~tactically~*~*~ (stealth).
    27 | D:1      | Reached skill level 2 in Axes
   270 | D:1      | Reached XP level 2. HP: 17/19 MP: 2/2
   816 | D:1      | 816 ||| DROPPING +0 club.
   896 | D:1      | 896 ||| UPGRADING to +1 pair of boots.
   901 | D:1      | 901 ||| READING scroll labelled ASUKAAHYCI.
   902 | D:1      | 902 ||| READING 3 scrolls labelled NUOXZYMNEZIA.
   906 | D:1      | 906 ||| READING scroll labelled JEUTSO SEINOR.
   907 | D:1      | 907 ||| READING scroll labelled ICLIOME YSHI.
   908 | D:1      | 908 ||| READING scroll labelled AGOIRI EROO.
   909 | D:1      | 909 ||| DRINKING 2 fizzy brown potions.
   910 | D:1      | 910 ||| DROPPING potion of flight.
  1040 | D:2      | 1040 ||| Stepping ~*~*~tactically~*~*~ (stealth).
  1043 | D:2      | 1043 ||| Stepping ~*~*~tactically~*~*~ (stealth).
  1044 | D:2      | 1044 ||| Stepping ~*~*~tactically~*~*~ (stealth).
  1045 | D:2      | 1045 ||| Stepping ~*~*~tactically~*~*~ (stealth).
  1052 | D:2      | Reached skill level 3 in Axes
  1119 | D:2      | Reached XP level 3. HP: 23/23 MP: 3/3
  1311 | D:2      | Noticed Jessica
  1319 | D:2      | Killed Jessica
  1320 | D:2      | Reached skill level 1 in Throwing
  1396 | D:2      | Reached XP level 4. HP: 16/28 MP: 4/4
  1534 | D:2      | 1534 ||| Stepping ~*~*~tactically~*~*~ (stealth).
  1550 | D:2      | Found a faded altar of an unknown god.
  1851 | D:2      | 1851 ||| READING 2 scrolls labelled BUSIAN KENAWN.
  1852 | D:2      | 1852 ||| READING scroll of enchant armour.
  1852 | D:2      | 1852 ||| ENCHANTING +1 pair of boots.
  1853 | D:2      | 1853 ||| READING scroll labelled ITEBRE MIESM.
  1854 | D:2      | 1854 ||| READING scroll labelled PIBRAU CUGAG.
  1855 | D:2      | 1855 ||| READING scroll labelled POINAQ KIMOSK.
  1905 | D:2      | 1905 ||| DRINKING 2 dark potions.
  1906 | D:2      | 1906 ||| DRINKING 3 black potions.
  1907 | D:2      | 1907 ||| DROPPING 2 potions of degeneration.
  1940 | D:3      | Found an iron altar of Okawaru.
  1948 | D:3      | Became a worshipper of Warmaster Okawaru
  1952 | D:3      | 1952 ||| DROPPING +0 whip.
  2181 | D:3      | 2181 ||| READING scroll labelled MEX HUHIMU JUU.
  2214 | D:3      | 2214 ||| Stepping ~*~*~tactically~*~*~ (stealth).
  2222 | D:3      | Found a white marble altar of Elyvilon.
  2483 | D:3      | Found a basalt altar of Yredelemnul.
  2582 | D:3      | 2582 ||| DRINKING 2 fuming puce potions.
  2583 | D:3      | 2583 ||| DROPPING potion of brilliance.
  2642 | D:4      | Found an ancient bone altar of Kikubaaqudgha.
  2712 | D:4      | Reached skill level 4 in Axes
  2719 | D:4      | Noticed a necrophage
  2730 | D:4      | Killed a necrophage
  2731 | D:4      | Reached XP level 5. HP: 32/32 MP: 5/5
  2838 | D:4      | Found a shadowy altar of Dithmenos.
  2891 | D:4      | Reached skill level 5 in Axes
  2891 | D:4      | Reached XP level 6. HP: 33/37 MP: 6/6
  3045 | D:4      | 3045 ||| DRINKING 3 coppery potions.
  3046 | D:4      | 3046 ||| DRINKING 2 orange potions.
  3047 | D:4      | 3047 ||| READING 3 scrolls of identify.
  3047 | D:4      | 3047 ||| IDENTIFYING golden potion
  3048 | D:4      | 3048 ||| READING 2 scrolls of identify.
  3048 | D:4      | 3048 ||| IDENTIFYING clear potion
  3049 | D:4      | 3049 ||| DROPPING potion of berserk rage.
  3063 | D:5      | Entered Level 5 of the Dungeon
  3095 | D:5      | HP: 7/37 [iguana (6)]
  3096 | D:5      | 3096 ||| READING 3 scrolls of teleportation.
  3097 | D:5      | 3097 ||| DRINKING potion of heal wounds.
  3099 | D:5      | Found a staircase to the Ecumenical Temple.
  3302 | D:5      | Reached * piety under Okawaru
  3560 | D:5      | Found a glowing silver altar of Zin.
  3579 | D:5      | Noticed Edmund
  3580 | D:5      | 3580 ||| INVOKING Heroism.
  3588 | D:5      | HP: 7/38 [Edmund/+5 vorpal dire flail (4)]
  3589 | D:5      | 3589 ||| READING 3 scrolls of teleportation.
  3590 | D:5      | 3590 ||| INVOKING Heroism.
  3591 | D:5      | Killed Edmund
  3592 | D:5      | Reached XP level 7. HP: 7/43 MP: 3/7
  4124 | D:5      | 4124 ||| DRINKING 2 emerald potions.
  4125 | D:5      | 4125 ||| READING 4 scrolls of identify.
  4125 | D:5      | 4125 ||| IDENTIFYING smoky blue potion
  4126 | D:5      | 4126 ||| DROPPING potion of invisibility.
  4143 | D:6      | Noticed a steam dragon
  4144 | D:6      | 4144 ||| STAIRDANCE
  4150 | D:5      | Reached skill level 1 in Invocations
  4155 | D:6      | 4155 ||| INVOKING Heroism.
  4159 | D:6      | HP: 7/43 [black bear (11)]
  4160 | D:6      | 4160 ||| READING 2 scrolls of teleportation.
  4160 | D:6      | HP: 3/43 [steam dragon (4)]
  4162 | D:6      | Engulfed by a steam dragon's steam

Levels and vault maps discovered:
D:1:      dpeg_arrival_rooms_with_view, layout_loops_ring, minmay_pentomino_p2
D:2:      layout_loops_ring, shapermc_ecumenical_altar_pompeii,
          minmay_misc_feat_columns, uniq_jessica
D:3:      layout_loops_ring, mainiacjoe_overflow_small_starburst,
          mainiacjoe_overflow_alcove_1, lemuel_tele_altar, minmay_surrounded
D:4:      layout_rooms, kiku_gazebo_pond_becter, mainiacjoe_overflow_catwalk,
          st_stairs_1
D:5:      layout_basic, mainiacjoe_overflow_paths, minmay_temple_entry_glass,
          serial_rivers, chequers_serial_rivers_micro_a,
          chequers_serial_rivers_micro_a, chequers_serial_rivers_micro_b,
          chequers_serial_rivers_micro_d, chequers_serial_rivers_room_b,
          uniq_edmund
D:6:      layout_rooms

Skill      XL: |  1  2  3  4  5  6  7 |
---------------+----------------------+-----
Axes           | 2 3 4 5 |  5.3
Throwing       | 1 |  1.6
Fighting       | 4 |  4.0
Dodging        | 2 |  2.4
Invocations    | 1 |  1.3
Armour         | |  3.2
Shields        | |  3.2

Action                   |  1- 3 |  4- 6 |  7- 9 || total
-------------------------+-------+-------+-------++-------
Melee: War axe           |    95 |    94 |    18 ||   207
Throw: Javelin           |     4 |    28 |     2 ||    34
       Boomerang         |       |    16 |       ||    16
Invok: Heroism           |       |     2 |     1 ||     3
  Use: Scroll            |     5 |    10 |     2 ||    17
       Potion            |     1 |     6 |     1 ||     8
Armor: Scale mail        |    51 |    41 |    30 ||   122
Dodge: Dodged            |    42 |    39 |    16 ||    97
Block: Buckler           |    21 |    15 |    11 ||    47

Table legend:
 A = Non-vault XP
 B = Vault XP
 C = Vault XP percentage of total XP
 D = Non-vault monster count
 E = Vault monster count
 F = Vault count percentage of total count
                 A         B        C        D         E       F
            +---------+---------+-------+---------+---------+-------
      Total |     447 |     270 |  37.7 |      63 |       8 |  11.3
            +---------+---------+-------+---------+---------+-------
        D:1 |      24 |       3 |  11.1 |      16 |       2 |  11.1
        D:2 |      38 |      37 |  49.3 |      17 |       1 |   5.6
        D:3 |      16 |      17 |  51.5 |      12 |       3 |  20.0
        D:4 |     157 |      40 |  20.3 |       9 |       1 |  10.0
        D:5 |     169 |     173 |  50.6 |       8 |       1 |  11.1
        D:6 |      43 |       0 |   0.0 |       1 |       0 |   0.0
            +---------+---------+-------+---------+---------+-------
